[Event "Weekend I 2025"]
[Site "Uppsala, Sweden"]
[Date "2025.06.27"]
[Round "1.13"]
[White "Torres, Lucas"]
[Black "Pinheiro Diamant, Jonatan"]
[Result "1-0"]
[TimeControl "90 min + increment of 30 sec starting move 1"]
[WhiteFideId "1769464"]
[BlackFideId "1734628"]
[WhiteElo "1897"]
[BlackElo "1911"]

1. e4 e5 2. Nc3 Nf6 3. f4 d5 4. fxe5 Nxe4 5. Qf3 f5 6. d3 Nxc3 7. bxc3 Bc5 8. d4 Bb6 9. Qh5+ g6 10.
Qh6 Qe7 11. Bg5 Qf8 12. Qh4 Qa3 13. Ne2 O-O 14. Bc1 Qa4 15. Bh6 Re8 16. Qf6 Qd7 17. Nf4 Qf7 18. Qxf7+ Kxf7 19. Nxd5 Ba5 20.
Bd2 Nd7 21. c4 Bb6 22. Nxb6 axb6 23. Kf2 Ra4 24. c3 Nf8 25. Bd3 Bd7 26. Bc2 Ra6 27. Bb3 Kg7 28. h4 h6 29. Rhe1 Rea8 30.
d5 Ba4 31. Rab1 Nd7 32. Be3 Bxb3 33. axb3 Ra2+ 34. Kf1 Rc2 35. e6 Nc5 36. Bd4+ Kf8 37. Ra1 Raa2 38. Rxa2 Rxa2 39. Bg7+ Ke8 40.
Bxh6 Nxb3 41. Bf4 Nd2+ 42. Bxd2 Rxd2 43. Re3 Ke7 44. g4 c6 45. Ke1 Ra2 46.
d6+ Ke8 47. gxf5 gxf5 48. Rg3 Kf8 49. e7+ Kf7 50. Rg7+ 1-0

[Event "Weekend I 2025"]
[Site "Uppsala, Sweden"]
[Date "2025.06.27"]
[Round "1.14"]
[White "Wickstrom, Carina"]
[Black "Eriksson, Joel"]
[Result "1-0"]
[TimeControl "90 min + increment of 30 sec starting move 1"]
[WhiteFideId "1743201"]
[BlackFideId "1729233"]
[WhiteElo "1910"]
[BlackElo "1895"]

1. Nf3 f5 2. d3 Nc6 3. e4 e5 4. g3 Bc5 5. Nc3 Nf6 6. exf5 d5 7. Bh3 O-O 8. O-O Qe8 9. Nh4 Nd4 10.
Ne2 Nxe2+ 11. Qxe2 e4 12. Bg5 b6 13. Bxf6 Rxf6 14. dxe4 dxe4 15. Bg2 Bb7 16. Kh1 Rd8 17. Rad1 Rxd1 18.
Rxd1 Rf8 19. Re1 g5 20. fxg6 Rxf2 21. Qc4+ Kg7 22. gxh7 Kxh7 23. b4 Bd6 24. Bxe4+ Bxe4+ 25. Rxe4 Qf8 26.
Qd3 Kh6 27. Re6+ Rf6 28. Qe3+ Kh7 29. Qe4+ Kh8 30. Re8 1-0

[Event "Weekend I 2025"]
[Site "Uppsala, Sweden"]
[Date "2025.06.27"]
[Round "1.15"]
[White "Hammarstedt, Anders"]
[Black "Sundell, Hugo"]
[Result "0-1"]
[TimeControl "90 min + increment of 30 sec starting move 1"]
[WhiteFideId "1713400"]
[BlackFideId "1786130"]
[WhiteElo "1894"]
[BlackElo "1909"]

1. e4 c5 2. Nf3 d6 3. d4 cxd4 4. Nxd4 Nf6 5. Nc3 a6 6.
Bg5 e6 7. Qe2 Be7 8. h4 Nbd7 9. O-O-O b5 10. Nc6 Qc7 11. Nxe7 Kxe7 12. a3 Bb7 13. Qd2 Rhd8 14. Bxb5 axb5 15.
Nxb5 Qc6 16. Qb4 Qc5 17. Qxc5 dxc5 18. Rxd7+ Kxd7 19. e5 h6 20. Nd6 Kc6 21. Nxf7 Rd7 22. Nxh6 gxh6 23. Bxf6 h5 24.
f3 Rg8 25. g4 Kc7 26. g5 Bxf3 27. Rf1 Bg4 28. b3 Bf5 29. Rf4 Rd4 30. Rxd4 cxd4 31. b4 Kc6 32. a4 Ra8 33. a5 Kb5 34.
Be7 Rc8 35. Bc5 Rxc5 36. bxc5 Kxa5 37. Kd2 Kb5 0-1

[Event "Weekend I 2025"]
[Site "Uppsala, Sweden"]
[Date "2025.06.27"]
[Round "1.16"]
[White "Svanberg, Albin"]
[Black "Andersson, Gorgen"]
[Result "0-1"]
[TimeControl "90 min + increment of 30 sec starting move 1"]
[WhiteFideId "1751921"]
[BlackFideId "1707698"]
[WhiteElo "1908"]
[BlackElo "1892"]

1. b3 d5 2. Bb2 Nf6 3. e3 e6 4. Nf3 Bd6 5. c4 c6 6. Nc3 O-O 7. d4 Nbd7 8. Be2 Ne4 9. Nxe4 dxe4 10.
Nd2 f5 11. Qc2 Nf6 12. f3 Bb4 13. O-O-O a5 14. Nb1 Be7 15. Nc3 exf3 16. gxf3 Bd7 17. e4 Qc7 18. e5 Nh5 19. Qd2 g6 20.
f4 Ng7 21. Kb1 Bb4 22. h4 a4 23. Nd5 cxd5 24. Qxb4 axb3 25. axb3 dxc4 26. Bxc4 Bc6 27. d5 exd5 28. Bxd5+ Bxd5 29.
Rxd5 Qc6 30. Rhd1 Rfc8 31. Qd2 Qa6 32. Bc3 Qb6 33. Qb2 Qe3 34. R5d3 Qxf4 35. e6 Nxe6 36. Re1 Rc6 37. Be5 Qb4 38.
Red1 Qe4 39. h5 Rd8 40. hxg6 hxg6 41. Qh2 Ng7 42. Qh6 Ne8 43. Qh8+ Kf7 44. Qh7+ Ke6 45. Qxg6+ Kxe5 46. Qg3+ Ke6 47.
Qg8+ Ke7 48. Qh7+ Kf8 49. Qh8+ Kf7 50. Qh5+ Rg6 0-1

[ePGN "0.1;DGT LiveChess/2.2.7"]

[Event "Weekend I 2025"]
[Site "Uppsala, Sweden"]
[Date "2025.06.27"]
[Round "1.1"]
[White "Carlsson, Gustav"]
[Black "Nilsson, Joakim"]
[Result "0-1"]
[TimeControl "90 min + increment of 30 sec starting move 1"]
[BlackTitle "FM"]
[WhiteFideId "1734148"]
[BlackFideId "1723383"]
[WhiteElo "2068"]
[BlackElo "2208"]

1. c4 e5 2. g3 c6 3. Bg2 d5 4. cxd5 cxd5 5. d4 e4 6. Nc3 Nf6 7. Bg5 Nbd7 8. f3 Bb4 9. Qb3 Qb6 10.
Kf1 O-O 11. Nxd5 Nxd5 12. Qxd5 h6 13. a3 hxg5 14. axb4 Qxb4 15. Qxe4 Qxb2 16. Rb1 Qc3 17. Kf2 Nf6 18. Qe3 Qc2 19.
Nh3 Re8 20. Rhc1 Qf5 21. Qb3 Ng4+ 22. Kg1 Ne3 23. Rc5 Qf6 24. Qb2 Bf5 25. Re1 Rad8 26. g4 Bg6 27. Nxg5 b6 28. Rb5 a6 29.
Rxb6 Qxg5 30. Rc1 Nd5 31. Rxa6 Rxe2 32. Rxg6 fxg6 0-1

[Event "Weekend I 2025"]
[Site "Uppsala, Sweden"]
[Date "2025.06.27"]
[Round "1.17"]
[White "Kruuse, Peter"]
[Black "Akeborg, Jonatan"]
[Result "0-1"]
[TimeControl "90 min + increment of 30 sec starting move 1"]
[WhiteFideId "1720376"]
[BlackFideId "1773089"]
[WhiteElo "1890"]
[BlackElo "1907"]

1. e4 c5 2. Nf3 d6 3. Bb5+ Bd7 4. c4 Nc6 5. O-O e5 6. Nc3 g6 7. d3 Bg7 8. Bg5 f6 9. Be3 Nge7 10.
Qd2 O-O 11. Bh6 Qe8 12. Bxg7 Kxg7 13. Bxc6 Bxc6 14. Rab1 f5 15. Ng5 Qd7 16. f3 h6 17. Nh3 a5 18. b3 f4 19. a3 Ra7 20.
b4 axb4 21. axb4 cxb4 22. Rxb4 Qc7 23. Rfb1 Rfa8 24. Qb2 Kh7 25. Nf2 Qa5 26. Nd5 Qc5 27. Nc3 Ng8 28. Kf1 Nf6 29. Nfd1 g5 30.
Qf2 Qxf2+ 31. Kxf2 Nd7 32. Ke2 Nc5 33. Kd2 Kg6 34. Nb5 Ra2+ 35. Nb2 Bxb5 36. Rxb5 R8a3 37. Rb6 Rxd3+ 38. Ke1 Rd4 39.
Nd1 Rdd2 40. Nc3 Nd3+ 0-1

[Event "Weekend I 2025"]
[Site "Uppsala, Sweden"]
[Date "2025.06.27"]
[Round "1.2"]
[White "Frisk, Ellinor"]
[Black "Dingertz, Filip"]
[Result "1/2-1/2"]
[TimeControl "90 min + increment of 30 sec starting move 1"]
[WhiteTitle "WIM"]
[WhiteFideId "1708481"]
[BlackFideId "1757288"]
[WhiteElo "2169"]
[BlackElo "2043"]

1. c4 c5 2. Nf3 Nc6 3. d4 cxd4 4. Nxd4 Nf6 5. Nc3 d6 6. g3 e5 7. Nc2 Be6 8. Ne3 Be7 9. Bg2 h5 10.
h4 Rc8 11. Ned5 Qd7 12. b3 b5 13. Nxe7 Nxe7 14. Nxb5 d5 15. Ba3 O-O 16. O-O Rfd8 17. Nd6 Rc6 18. c5 Bh3 19. Qd2 Ng6 20.
Qg5 Bxg2 21. Kxg2 d4 22. b4 Nd5 23. e3 Ra6 24. Bb2 Nxb4 25. exd4 Nd3 26. dxe5 Rb8 27. Bd4 Ra4 28. Rab1 Rxb1 29.
Rxb1 Rxd4 30. Rb8+ Nf8 31. Nf5 Qd5+ 32. Kg1 Qxe5 33. Ne7+ Kh7 34. Qxe5 Nxe5 35. Rxf8 Rd7 36. Nf5 Rc7 37.
Nd6 Rxc5 38. Nxf7 Nxf7 39. Rxf7 Ra5 40. Kg2 Rxa2 41. Kf3 Ra4 42. Ke3 Kg6 43. Rf8 Ra5 44. Ra8 Ra2 45. Rf8 Ra5 46.
Ke4 Ra6 47. Ra8 1/2-1/2

[Event "Weekend I 2025"]
[Site "Uppsala, Sweden"]
[Date "2025.06.27"]
[Round "1.18"]
[White "Rezai, Julius"]
[Black "Westerberg, Claes-Goran"]
[Result "1-0"]
[TimeControl "90 min + increment of 30 sec starting move 1"]
[WhiteFideId "1775138"]
[BlackFideId "1712691"]
[WhiteElo "1906"]
[BlackElo "1888"]

1. c4 c5 2. Nf3 Nc6 3. d4 cxd4 4. Nxd4 e6 5. Nc3 Qc7 6. Ndb5 Qb8 7. Ne4 Bb4+ 8. Bd2 Be7 9. Bc3 Nf6 10. Nbd6+ Kf8 11. Qd2 Nxe4 12. Nxe4 f5 13. Ng3 Qd6 14.
Qc2 Bf6 15. Rd1 Bxc3+ 16. Qxc3 Qb4 17. Qxb4+ Nxb4 18. a3 Nc6 19. f4 g6 20. e4 Ke7 21. h4 Rg8 22. e5 b6 23. b4 Bb7 24.
Ne2 Rad8 25. Rd6 Rc8 26. Rh3 Rc7 27. Nc3 Bc8 28. Nb5 Rb7 29. Rd2 Nd8 30. Rhd3 Nf7 31. g3 a6 32. Nd6 Nxd6 33.
Rxd6 Rd8 34. c5 bxc5 35. Bxa6 Ra7 36. Bxc8 Rxc8 37. b5 c4 38. b6 Rb7 39. a4 c3 40. Rc2 Rc6 41. Rxc6 dxc6 42.
a5 Rb8 43. Rxc3 Kd7 44. Rb3 c5 45. a6 c4 46. Rb1 1-0

[Event "Weekend I 2025"]
[Site "Uppsala, Sweden"]
[Date "2025.06.27"]
[Round "1.3"]
[White "Malmsten, Hans"]
[Black "Kicin, Almir"]
[Result "0-1"]
[TimeControl "90 min + increment of 30 sec starting move 1"]
[WhiteFideId "1746154"]
[BlackFideId "1719092"]
[WhiteElo "2035"]
[BlackElo "2095"]

1. d4 Nf6 2. c4 e5 3. dxe5 Ng4 4. e4 h5 5. Be2 Nxe5 6. f4 Bb4+ 7. Bd2 Bxd2+ 8. Qxd2 Ng4 9. Nf3 d6 10.
f5 Nc6 11. Nc3 b6 12. O-O Bb7 13.
Rae1 Nge5 14. Nd5 a5 15. b3 Qd7 16. Qg5 f6 17. Nxe5 Nxe5 18. Bxh5+ Kf8 19. Qh4 Bxd5 20. exd5 Qf7 21.
Bxf7 Rxh4 22. Be6 a4 23. Rb1 Rd4 24. Rbd1 Rxd1 25. Rxd1 axb3 26. axb3 Ra3 27. Rb1 Ra2 28. h3 Nd3 29. Rd1 Nf4 30. Rd4 Ne2+ 0-1

[Event "Weekend I 2025"]
[Site "Uppsala, Sweden"]
[Date "2025.06.27"]
[Round "1.19"]
[White "Markov, Igor"]
[Black "Hafthorsson, Jon Ulfur"]
[Result "0-1"]
[TimeControl "90 min + increment of 30 sec starting move 1"]
[WhiteFideId "34368213"]
[BlackFideId "2323206"]
[WhiteElo "1839"]
[BlackElo "1873"]

1. Nf3 Nf6 2. b3 g6 3. Bb2 Bg7 4. c4 c5 5. g3 O-O 6. Bg2 Nc6 7. O-O e6 8. Ne5 d5 9. d4 Nxd4 10.
Nd3 b6 11. b4 Rb8 12. bxc5 bxc5 13. Ba3 Ne4 14. Nxc5 Nxc5 15. Bxc5 Nxe2+ 16. Qxe2 Bxa1 17. Bxf8 Kxf8 18. cxd5 exd5 19.
Qd2 Be6 20. Nc3 Bxc3 21. Qxc3 d4 22. Qc5+ Kg8 23. Qxa7 d3 24. Qe3 Bxa2 25. Be4 Bc4 26. Rc1 Ba6 27. Rd1 Qf6 28. Bxd3 Bxd3 29.
Qxd3 Rb2 30. Qe3 Kg7 31. h3 Ra2 32. Rd4 Ra1+ 33. Kg2 Qc6+ 34. Qe4 Qb5 35. Qd3 Qxd3 36. Rxd3 h5 37. Rd4 Ra2 38.
Kf3 Rb2 39. Ke3 Kf6 40. h4 Rb3+ 41. Kf4 Rb6 42. Rc4 Ra6 43. Re4 Rb6 44. f3 Ra6 45. Rc4 Rb6 46. g4 hxg4 47. fxg4 Rb5 48.
Rc6+ Kg7 49. Rc4 Ra5 50. Re4 Rb5 51. Rd4 Ra5 52. Ke4 Rb5 53. Kd3 Ra5 54. Kc3 Rc5+ 55. Kb4 Rc1 56. Re4 Rc2 57.
Re5 Kf6 58. Re8 Rh2 59. g5+ Kf5 60. Rf8 Rxh4+ 61. Kc3 Rh7 62. Kd4 Kxg5 63. Ke3 f5 64. Kf3 Rh3+ 65. Kg2 Rc3 66. Rg8 f4 67.
Kf2 Kf5 68. Kg2 g5 69. Ra8 Rc2+ 70. Kg1 Kg4 71. Ra5 f3 72. Rb5 Kf4 73. Ra5 g4 74. Ra4+ Kg3 75. Ra1 Re2 76. Kh1 Rh2+ 0-1

[Event "Weekend I 2025"]
[Site "Uppsala, Sweden"]
[Date "2025.06.27"]
[Round "1.4"]
[White "Morin, Jonas"]
[Black "Lilliehook, Victor"]
[Result "0-1"]
[TimeControl "90 min + increment of 30 sec starting move 1"]
[WhiteFideId "1709453"]
[BlackFideId "1752103"]
[WhiteElo "2090"]
[BlackElo "2020"]

1. e4 c5 2. Nf3 Nc6 3. d4 cxd4 4. Nxd4 Nf6 5. Nc3 e5 6. Ndb5 d6 7. Bg5 a6 8. Na3 b5 9. Nd5 Be7 10.
Bxf6 Bxf6 11. c3 Ne7 12. Nxf6+ gxf6 13. Nc2 Bb7 14. Bd3 d5 15. exd5 Qxd5 16. Ne3 Qe6 17. Qb3 Qxb3 18. axb3 Ng6 19.
O-O-O O-O-O 20. Rhe1 h5 21. Bf1 Nf4 22. g3 Ne6 23. Nf5 Kc7 24. Be2 Be4 25. Bxb5 Bxf5 26. Bxa6 Ra8 27. Bd3 Ra1+ 28.
Kc2 Bxd3+ 29. Kxd3 Rd8+ 30. Kc2 Raxd1 31. Rxd1 Rxd1 32. Kxd1 Nc5 33. b4 Nd3 34. Ke2 Nxb2 35. f3 f5 36.
h3 f6 37. h4 Kd6 38. b5 Na4 39. Kd3 e4+ 40. fxe4 Nc5+ 41. Ke3 Nxe4 42. c4 Ke5 43. b6 Nc5 44. Kf3 f4 45. gxf4+ Kd4 46.
Ke2 f5 0-1

[Event "Weekend I 2025"]
[Site "Uppsala, Sweden"]
[Date "2025.06.27"]
[Round "1.20"]
[White "Eriksson, Sanna"]
[Black "Backstrom, Viggo"]
[Result "1/2-1/2"]
[TimeControl "90 min + increment of 30 sec starting move 1"]
[WhiteFideId "1717014"]
[BlackFideId "1739719"]
[WhiteElo "1867"]
[BlackElo "1839"]

1. e4 c5 2. Nf3 e6 3. Nc3 Nc6 4. Bb5 Qc7 5. O-O Nf6 6. Re1 Be7 7. Bxc6 bxc6 8. e5 Nd5 9. Ne4 O-O 10.
d3 f6 11. c4 Nb6 12. exf6 Bxf6 13. Nxc5 e5 14. Ne4 Be7 15. Bg5 d5 16. Bxe7 Qxe7 17. cxd5 cxd5 18. Ned2 Bg4 19. Qb3 Rf5 20.
d4 Bxf3 21. Nxf3 e4 22. Ne5 Kh8 23. Rac1 Qh4 24. Qg3 Qxg3 25. hxg3 Rff8 26. f3 exf3 27. gxf3 Rac8 28. Kg2 Na4 29.
Rxc8 Rxc8 30. Re2 Kg8 31. g4 Rb8 32. Nc6 Rb7 33. Ne7+ Kf7 34. Nxd5 Nxb2 35. Nc3 Nc4 36. Kg3 Rd7 37.
d5 g5 38. f4 gxf4+ 39. Kxf4 Nb6 40. Rd2 Kg6 41. Rd4 h5 42. gxh5+ Kxh5 43. Kf5 Kh6 44. a4 Kg7 45. Ke6 Kf8 46.
a5 Re7+ 47. Kf5 Nd7 48. d6 Re5+ 49. Kg6 Rxa5 50. Rf4+ Ke8 51. Re4+ Re5 52. Rxe5+ Nxe5+ 1/2-1/2

[Event "Weekend I 2025"]
[Site "Uppsala, Sweden"]
[Date "2025.06.27"]
[Round "1.5"]
[White "Wallgren, Ulf"]
[Black "Wedenberg, Oliver"]
[Result "0-1"]
[TimeControl "90 min + increment of 30 sec starting move 1"]
[WhiteFideId "1706527"]
[BlackFideId "1767909"]
[WhiteElo "2011"]
[BlackElo "2085"]

1. e4 c5 2. Nf3 d6 3. c3 Nf6 4. h3 Nc6 5. Bd3 e5 6. Bc2 d5 7. exd5 Qxd5 8. Qe2 Be7 9. d3 Bf5 10.
Nbd2 O-O-O 11. Ne4 h6 12. b3 Bh7 13. g4 Nd7 14. Bb2 Rhf8 15. O-O-O f5 16. gxf5 Rxf5 17. d4 Rf4 18. Rhe1 Qf7 19.
Nxe5 Ndxe5 20. dxe5 Bxe4 21. Bxe4 Rxf2 22. Qg4+ Kb8 23. Bxc6 bxc6 24. Rxd8+ Bxd8 25. e6 Qc7 26. c4 Kb7 27.
Qxg7 Be7 28. Rd1 Qf4+ 29. Kb1 Qe4+ 30. Ka1 Qxe6 31. Qe5 Qxe5 32. Bxe5 Ka6 33. Rd7 Bg5 34. Bb8 Bf6+ 35. Kb1 Ka5 36.
a3 Rb2+ 37. Kc1 Rxb3 38. Rxa7+ Kb6 39.
Rf7 Bg5+ 40. Kc2 Rxa3 41. Bc7+ Ka6 42. Bd6 Ra4 43. Kc3 Be3 44. Rf5 Bd4+ 45. Kd3 Ra3+ 46. Kd2 Rxh3 47. Bxc5 Bxc5 48.
Rxc5 Kb6 49. Rf5 c5 50. Kc2 h5 51. Rf8 h4 52. Rb8+ Kc6 53. Rc8+ Kd6 54. Rd8+ Kc7 55. Rh8 Kd7 56.
Rh6 Rh1 57. Kb2 h3 58. Kc2 h2 59. Kb2 Ke7 60. Ka2 Kf7 61. Kb2 Kg7 62. Rh3 Kf6 63. Rh5 Kg6 64. Rh8 Kf5 65. Rh4 Kg5 66.
Rh8 Kf4 67. Rh3 Kg4 68. Rh8 Kf4 69. Rh3 Ke4 70. Rh5 Kd4 71. Rh4+ Kd3 72. Ka2 Kc3 0-1

[Event "Weekend I 2025"]
[Site "Uppsala, Sweden"]
[Date "2025.06.27"]
[Round "1.21"]
[White "Storskog, Thomas"]
[Black "Markensten, Max"]
[Result "0-1"]
[TimeControl "90 min + increment of 30 sec starting move 1"]
[WhiteFideId "1725998"]
[BlackFideId "1734610"]
[WhiteElo "1837"]
[BlackElo "1865"]

1. Nc3 d5 2. e4 d4 3. Nce2 e5 4. Nf3 f6 5. Ng3 Be6 6. Bb5+ c6 7. Ba4 Nd7 8. Bb3 Nc5 9. Bxe6 Nxe6 10.
O-O Qd7 11. c4 O-O-O 12. Qa4 Kb8 13. b4 h5 14. Nh4 Ne7 15. d3 g5 16. Nhf5 Ng6 17. Rb1 Ngf4 18. Qc2 h4 19. Ne2 g4 20. b5 c5 21. Rb3 Bh6 22. Nxh6 Rxh6 23. Nxf4 Nxf4 24. Bxf4 exf4 25. Qd2 Qd6 26.
Ra3 Rh7 27. Qa5 b6 28. Qd2 f3 29. g3 hxg3 30. fxg3 Rdh8 31. Qf2 f5 32. exf5 Re8 33. Re1 Rhe7 34.
Rxe7 Rxe7 35. Qd2 Re3 36. Qd1 Qe7 37. f6 Re1+ 0-1

[Event "Weekend I 2025"]
[Site "Uppsala, Sweden"]
[Date "2025.06.27"]
[Round "1.6"]
[White "Tavernier, Loris"]
[Black "Bjornvall, Tord"]
[Result "1/2-1/2"]
[TimeControl "90 min + increment of 30 sec starting move 1"]
[WhiteTitle "CM"]
[WhiteFideId "651008653"]
[BlackFideId "1716557"]
[WhiteElo "2071"]
[BlackElo "2008"]

1. d4 d5 2. c4 e5 3. cxd5 Qxd5 4. Nf3 Nc6 5. Nc3 Bb4 6. Bd2 Bxc3 7. Bxc3 e4 8. Ne5 e3 9. f3 Nge7 10.
Qd3 Nxe5 11. dxe5 Qxd3 12. exd3 Nd5 13. d4 O-O 14. Bc4 Nb6 15. Bb3 Be6 16. Bc2 Nd5 17. Be4 f5 18. Bxd5 Bxd5 19.
f4 Bxg2 20. Rg1 Bd5 21. Ke2 Rae8 22. Rg3 Re6 23. Rag1 Rf7 24. b3 a5 25. Kxe3 b6 26. Bb2 c6 1/2-1/2

[Event "Weekend I 2025"]
[Site "Uppsala, Sweden"]
[Date "2025.06.27"]
[Round "1.22"]
[White "Bergqvist, Morris"]
[Black "Alm, Ture"]
[Result "0-1"]
[TimeControl "90 min + increment of 30 sec starting move 1"]
[WhiteFideId "1776908"]
[BlackFideId "1789120"]
[WhiteElo "1859"]
[BlackElo "1828"]

1. d4 d5 2. Nc3 Nf6 3. Bf4 a6 4. e3 b5 5. Nf3 Bb7 6. Ne5 Nbd7 7. a4 b4 8. Ne2 e6 9. Ng3 Nxe5 10.
dxe5 Nd7 11. h4 c5 12. Qg4 Qc7 13. Nh5 g6 14. Nf6+ Nxf6 15. exf6 Bd6 16. h5 O-O-O 17. Bxd6 Qxd6 18.
hxg6 hxg6 19. Rxh8 Rxh8 20. O-O-O Qe5 21. Qf3 g5 22. g3 Rh6 23. Bg2 Rxf6 24. Qe2 Rh6 25. f4 gxf4 26. gxf4 Qg7 27.
Bf3 f5 28. Qd2 Qg3 29. Be2 Rh3 30. e4 fxe4 31. Kb1 Rh2 32. Re1 Qf2 33. Qd1 b3 34. cxb3 d4 35. Qc1 d3 36. Bd1 0-1

[Event "Weekend I 2025"]
[Site "Uppsala, Sweden"]
[Date "2025.06.27"]
[Round "1.7"]
[White "Tronsson, Martin"]
[Black "Jonsson, Axel"]
[Result "1-0"]
[TimeControl "90 min + increment of 30 sec starting move 1"]
[WhiteFideId "1775057"]
[BlackFideId "1773321"]
[WhiteElo "1963"]
[BlackElo "2002"]

1. e4 c6 2. d4 d5 3. e5 c5 4. dxc5 e6 5. Qg4 h5 6. Qf4 Bxc5 7. Nf3 Nc6 8. Bd3 f6 9. Bg6+ Kd7 10.
O-O Nxe5 11. Nxe5+ fxe5 12. Qxe5 Qf6 13. Bf4 Qxg6 14. Qc7+ Ke8 15. Qxc5 Bd7 16. Re1 Ne7 17. Nc3 Kf7 18.
Rad1 Rhe8 19. Ne4 Kg8 20.
Nd6 Rf8 21. Be5 Bc6 22. Rd3 h4 23.
Qd4 Qg5 24. f4 Qh6 25. Rh3 Ng6 26. Rf1 Rad8 27. f5 exf5 28. Nxf5 Qg5 29. Rhf3 Bb5 30. Bd6 Rf7 31. Qxd5 Bxf1 32.
Rxf1 Rxd6 33. Qxd6 Rxf5 34. Qe6+ Kh7 35. Qxf5 Qe3+ 36. Kh1 Qe2 37. h3 Kh6 38. Qf2 Qb5 39. b3 a5 40. c4 Qe5 41.
Qd2+ Kh7 42. Re1 Qg3 43. Re4 b6 44. Rg4 Qe5 45. Qc1 Qe2 46. Qb1 Qe6 47. Rxh4+ Kg8 48. Qe4 Qf6 49. Rg4 Ne5 50.
Rf4 Qg5 51. Rf5 Qc1+ 52. Kh2 1-0

[Event "Weekend I 2025"]
[Site "Uppsala, Sweden"]
[Date "2025.06.27"]
[Round "1.23"]
[White "Myrberg, Rickard"]
[Black "Sundell, Johan"]
[Result "1-0"]
[TimeControl "90 min + increment of 30 sec starting move 1"]
[WhiteFideId "1709720"]
[BlackFideId "1796380"]
[WhiteElo "1825"]
[BlackElo "1853"]

1. e4 d6 2. d4 Nf6 3. Nc3 g6 4. Nf3 Bg7 5. h3 a6 6. a4 b6 7. Be3 Bb7 8. Bd3 c5 9. e5 dxe5 10.
dxe5 Nd5 11. Bd2 O-O 12. O-O Nc6 13. Re1 Nc7 14. Qc1 Nd4 15. Nh2 b5 16. axb5 axb5 17. Rxa8 Qxa8 18. Be4 Rd8 19.
Bxb7 Qxb7 20. Ng4 b4 21. Ne4 Qd5 22. Bh6 Bxe5 23. Nxe5 Qxe5 24. Bf4 Qh5 25. Ng3 Qd5 26. Bxc7 Rd7 27.
Bf4 Qc4 28. b3 Qb5 29. Be3 e5 30. Bxd4 cxd4 31. Ne4 Ra7 32. Qg5 Ra6 33. Nf6+ Kg7 34. Nh5+ Kf8 35. Qd8+ Qe8 36. Qxe8+ Kxe8 37.
Rxe5+ Kd7 38. Rd5+ Kc6 39. Nf4 Ra1+ 40. Kh2 Rd1 41. Rd8 Rd2 42. Nd3 Kc7 43. Rxd4 Rxc2 44. Rxb4 Rd2 45. Rd4 1-0

[Event "Weekend I 2025"]
[Site "Uppsala, Sweden"]
[Date "2025.06.27"]
[Round "1.8"]
[White "Liefvendahl, Mattias"]
[Black "Gemzell, Ted"]
[Result "1-0"]
[TimeControl "90 min + increment of 30 sec starting move 1"]
[WhiteFideId "1722310"]
[BlackFideId "1727672"]
[WhiteElo "1991"]
[BlackElo "1947"]

1. d4 Nf6 2. c4 c5 3. d5 b5 4. cxb5 a6 5. bxa6 Bxa6 6. Nc3 d6 7. Nf3 g6 8. g3 Bg7 9. Bg2 O-O 10.
O-O Nbd7 11. Rb1 Nb6 12. b3 Ra7 13. a4 Qa8 14. Nh4 Nfd7 15. Qc2 Ne5 16. h3 c4 17. b4 Bb7 18. Be3 Nxa4 19.
Bxa7 Nxc3 20. Qxc3 Qxa7 21. Qc2 Rc8 22. Nf3 Bxd5 23. Nxe5 Bxg2 24. Kxg2 Bxe5 25. b5 Qb7+ 26. Kg1 d5 27.
e3 Bf6 28. Qa4 Ra8 29. Qb4 e6 30. Qc5 Be5 31. b6 Rc8 32. Qa5 Kf8 33. e4 c3 34. exd5 Qxd5 35. b7 Rb8 36. Rb5 Qd3 37.
Rxe5 1-0

[Event "Weekend I 2025"]
[Site "Uppsala, Sweden"]
[Date "2025.06.27"]
[Round "1.9"]
[White "Berntsson, Jonas"]
[Black "Britse, Klas"]
[Result "1-0"]
[TimeControl "90 min + increment of 30 sec starting move 1"]
[WhiteFideId "1729470"]
[BlackFideId "1768131"]
[WhiteElo "1936"]
[BlackElo "1990"]

1. d4 Nf6 2. c4 e6 3. Nc3 Bb4 4. Bd2 d5 5. e3 O-O 6. Nf3 b6 7. Be2 Bb7 8. O-O Nbd7 9. Rc1 c6 10.
Nxd5 Nxd5 11. cxd5 Bxd2 12. Qxd2 exd5 13. b4 Re8 14. Rc2 Qe7 15. Rfc1 Qd6 16. Ne1 Rac8 17. a4 g6 18. Ra2 Nf6 19.
Bd3 c5 20. bxc5 bxc5 21. Rb1 Re7 22. Rab2 Rcc7 23. Qa5 c4 24. Bc2 Bc8 25. Nf3 Kg7 26. Qc3 Ng4 27. h3 Nh6 28. Ne5 f6 29.
Nf3 Bf5 30. Bxf5 Nxf5 31. Rb5 a6 32. Rb8 Rc6 33. a5 Rec7 34. Ne1 Qd7 35. Nc2 Nd6 36. Nb4 Nb5 37. Qc2 Re6 38. Qa4 Rc8 39. Nxa6 Rxa6 40. Rxc8 Qxc8 41.
Qxb5 c3 42. Qb7+ Qxb7 43. Rxb7+ Kh6 44. Rc7 Rxa5 45. Rxc3 Kg5 46. g3 Kf5 47. Kg2 h5 48. Kf3 Ra2 49. Rc6 g5 50. g4+ hxg4+ 51. hxg4+ Kg6 52. Rc5 1-0

[Event "Weekend I 2025"]
[Site "Uppsala, Sweden"]
[Date "2025.06.27"]
[Round "1.10"]
[White "Dingertz, Gustav"]
[Black "Carlfors, Viktor"]
[Result "0-1"]
[TimeControl "90 min + increment of 30 sec starting move 1"]
[WhiteFideId "1767917"]
[BlackFideId "1740725"]
[WhiteElo "1983"]
[BlackElo "1932"]

1. d4 d5 2. c4 c6 3. Nf3 Nf6 4. Nc3 dxc4 5. a4 Bf5 6. Ne5 Nbd7 7. Nxc4 Nb6 8. Ne5 e6 9. f3 Nfd7 10.
Nxd7 Nxd7 11. e4 Bg6 12. Be3 Bb4 13. Be2 O-O 14. O-O Ba5 15. Nb1 Qe7 16. Na3 Rfd8 17. Nc4 Bc7 18. Bf2 f6 19.
a5 a6 20. Qb3 Rab8 21. Rfd1 Bf7 22. Ne3 Nf8 23. Bc4 Ng6 24. g3 Rd7 25. Kg2 Rbd8 26. Nc2 Bb8 27. Rd3 Ba7 28. Rad1 e5 29.
d5 cxd5 30. exd5 Bxf2 31. d6 Qe8 32. Kxf2 Bxc4 33. Qxc4+ Qf7 34. Ne3 Nf8 35. f4 exf4 36. Qxf4 Ng6 37. Qb4 Ne5 38. Rd5 Qe6 39.
Kg2 Nc6 40. Qd2 Ne5 41. Nc2 Nc4 42. Qd3 Nxb2 43. Qb3 Nxd1 0-1

[Event "Weekend I 2025"]
[Site "Uppsala, Sweden"]
[Date "2025.06.27"]
[Round "1.11"]
[White "Kjetselberg, Mattias"]
[Black "Larsson, Max"]
[Result "0-1"]
[TimeControl "90 min + increment of 30 sec starting move 1"]
[WhiteFideId "1794728"]
[BlackFideId "1786989"]
[WhiteElo "1930"]
[BlackElo "1971"]

1. d4 d5 2. Nf3 Nf6 3. Bg5 Ne4 4. Bh4 h5 5. Nbd2 f6 6. e3 g5 7. Nxe4 dxe4 8. Nxg5 fxg5 9. Bxg5 Qd5 10.
h4 Bg4 11. Be2 Bxe2 12. Qxe2 Nd7 13. a3 Nf6 14. c4 Qf5 15. Bf4 O-O-O 16. b4 Rg8 17. Bg3 Bh6 18. Rh3 Ng4 19. a4 Rg6 20.
a5 Rdg8 21. Ra3 a6 22. b5 axb5 23. cxb5 Qd5 24. a6 bxa6 25. bxa6 Kd7 26. a7 Rb6 27. Qc2 Qb7 28. Qa4+ c6 29.
Ra1 Rb1+ 30. Rxb1 Qxb1+ 31. Kd2 Qd3+ 32. Kc1 Nxe3 33. Bf4 Bxf4 34. Rxe3 Bxe3+ 35. fxe3 Qf1+ 36. Kb2 Rxg2+ 37. Kc3 Qd3+ 38.
Kb4 Rb2+ 39. Ka5 Rb5+ 40. Ka6 Rb4+ 41. Ka5 Rxa4+ 0-1

[Event "Weekend I 2025"]
[Site "Uppsala, Sweden"]
[Date "2025.06.27"]
[Round "1.12"]
[White "Wiklund, Johan"]
[Black "Eliasson, Peter"]
[Result "1-0"]
[TimeControl "90 min + increment of 30 sec starting move 1"]
[WhiteFideId "1713817"]
[BlackFideId "1741632"]
[WhiteElo "1969"]
[BlackElo "1929"]

1. d4 Nf6 2. Nf3 d5 3. Bf4 c5 4. c3 Qb6 5. Qb3 c4 6. Qxb6 axb6 7. Na3 Bd7 8. Ne5 Ba4 9. g4 e6 10.
Nb1 h6 11. Bg2 Nc6 12. h3 Nh7 13. Nd2 Nxe5 14. Bxe5 f6 15. Bg3 Bc2 16. O-O b5 17. e4 Rd8 18. exd5 exd5 19. Rfe1+ Kf7 20.
Re3 b4 21. Rae1 f5 22. gxf5 Bxf5 23. Re5 g6 24. Bxd5+ Rxd5 25. Rxd5 bxc3 26. bxc3 Bxh3 27. Rb5 Bc8 28. Nxc4 Ng5 29.
Ne5+ Kf6 30. Rb6+ Kf5 31. Kg2 Rh7 32. Nxg6 Bg7 33. Ne7+ 1-0